 Dungeon Crawl Stone Soup version 0.18.1-50-g88ac8fd (webtiles) character file.

417 Peloso the Skirmisher (level 6, -6/52 HPs)
             Began as a Ghoul Fighter on Oct 27, 2016.
             Killed by divine providence
             ... invoked by an orc priest
              (14 damage)
             ... on level 3 of the Dungeon.
             The game lasted 00:08:08 (2257 turns).

Peloso the Skirmisher (Ghoul Fighter)               Turns: 2257, Time: 00:08:08

Health: -6/52      AC:  9    Str: 20    XL:     6   Next: 93%
Magic:  5/5        EV:  8    Int:  3    God:
Gold:   147        SH:  9    Dex: 10    Spells: 0 memorised, 5 levels left

rFire  . . .     SeeInvis .     a - +0 long sword
rCold  + . .     Gourm    .     b - +0 scale mail
rNeg   + + +     Faith    .     c - +0 shield
rPois  ∞         Spirit   .     (no helmet)
rElec  .         Dismiss  .     u - +0 cloak
rCorr  .         Reflect  .     (no gloves)
SustAt .         Harm     .     p - +0 pair of boots
MR     .....                    (no amulet)
Stlth  ..........               (no ring)
                                o - ring of flight

@: rotting, not resistant to hostile enchantments, extremely unstealthy
A: rotting body, claws 1, carnivore 3, cold resistance 1, negative energy
resistance 3, slow regeneration 1, torment resistance, unbreathing
a: Evoke Flight


You were on level 3 of the Dungeon.
You were not hungry.

You visited 1 branch of the dungeon, and saw 3 of its levels.

You collected 147 gold pieces.

Inventory:

Hand Weapons
 a - a +0 long sword (weapon)
 s - a +2 dagger of flaming
Armour
 b - a +0 scale mail (worn)
 c - a +0 shield (worn)
 p - a +0 pair of boots (worn)
 u - a +0 cloak (worn)
Jewellery
 o - a ring of flight (left claw)
Scrolls
 g - 4 scrolls of identify {unknown}
 h - a scroll of magic mapping {unknown}
 k - 2 scrolls of amnesia {unknown}
 l - a scroll of noise {unknown}
 m - a scroll of immolation {unknown}
 n - 2 scrolls of random uselessness {unknown}
 q - a scroll of enchant weapon {unknown}
 v - a scroll of remove curse {unknown}
 y - a scroll of blinking {unknown}
Potions
 d - a potion of might
 e - a potion of curing {unknown}
 j - a potion of cancellation {unknown}
 r - 2 potions of lignification {unknown}
 t - a potion of mutation {unknown}
 x - a potion of resistance {unknown}
Comestibles
 f - a meat ration
 i - 3 chunks of flesh
 w - a beef jerky


   Skills:
 + Level 4.2 Fighting
 + Level 3.0 Long Blades
 + Level 3.8 Armour
 + Level 2.8 Dodging
 + Level 4.1 Shields


You had 5 spell levels left.
You didn't know any spells.

Dungeon Overview and Level Annotations

Branches:
Dungeon (3/15)

Altars:
Nemelex Xobeh
Sif Muna


Innate Abilities, Weirdness & Mutations

Your body is rotting away.
You thrive on raw meat.
You are immune to poison.
You have sharp fingernails.
You are carnivorous and can eat meat at any time.
Your flesh is cold resistant.
You are immune to negative energy.
You regenerate slowly when monsters are visible.
You are immune to unholy pain and torment.
You can survive without breathing.


Message History

The puff of flame hits you! Something hits you.
* * * LOW HITPOINT WARNING * * *
You slash something!
Reactivating autopickup.
Your Long Blades skill increases to level 3!
You feel a bit more experienced. You block the orc's attack.
You slash the orc!
You kill the orc!
You block the orc's attack.
Unknown command.
You slash the orc!
You kill the orc!
The orc priest calls down the wrath of Beogh upon you.
Beogh smites you!
* * * LOW HITPOINT WARNING * * *
Eat one of 4 chunks of flesh? (ye/n/q/i?) This raw flesh tastes great!
The orc priest mumbles some strange prayers to Beogh against you.
Beogh smites you!
You die...

####.#### #...##.#
#.......# ...
#<####.# #<###.#.#
... #.)....#
#.###.#.# o.
#.###### #.##..#.#
.o #.# #.##.##.#
o#####.## #.##.##.#
..##..)## #.......#
#######.#..#..#
####.####
#....@o.#.###.# #.#
#####.#####.#..#..#
# #.#
#........##.##...##
## #.#
#.###.#.....[...##
≈# #.###.#
#...#######.# ≈#
#..[..# ###.# #.#
P# ####### #.# #.#
####### P## ##.#
#.# #.>.... P.#
#..# #.# #.####.


You could see an orc priest.

Vanquished Creatures
  The ghost of Tyryt0 the Skirmisher, an amateur OpFi (D:3)
  2 orc priests (D:3)
  Crazy Yiuf (D:2)
  An orc wizard (D:3)
  Natasha (D:3)
  A worker ant zombie (D:3)
  3 gnolls (D:3)
  3 adders (D:2)
  An ooze (D:2)
  A dart slug (D:1)
  5 giant geckos
  7 orcs (D:3)
  8 bats
  2 giant cockroaches
  19 goblins
  9 hobgoblins
  2 kobolds (D:2)
  2 ball pythons
  8 giant newts
  3 rats
80 creatures vanquished.

Notes
Turn   | Place    | Note
--------------------------------------------------------------
     0 | D:1      | Peloso the Ghoul Fighter began the quest for the Orb.
     0 | D:1      | Reached XP level 1. HP: 19/19 MP: 0/0
   130 | D:1      | Reached XP level 2. HP: 22/26 MP: 1/1
   341 | D:1      | Reached XP level 3. HP: 30/31 MP: 2/2
   845 | D:2      | Reached XP level 4. HP: 28/40 MP: 3/3
   895 | D:2      | Reached skill level 1 in Dodging
  1149 | D:2      | Noticed Crazy Yiuf
  1160 | D:2      | Killed Crazy Yiuf
  1160 | D:2      | Reached XP level 5. HP: 39/46 MP: 4/4
  1553 | D:3      | Found a deep blue altar of Sif Muna.
  1620 | D:3      | Noticed Natasha
  1632 | D:3      | Killed Natasha
  1711 | D:3      | Noticed Tyryt0's ghost (amateur OpFi)
  1737 | D:3      | Killed Tyryt0's ghost
  1737 | D:3      | Reached XP level 6. HP: 36/52 MP: 5/5
  1962 | D:3      | Found a sparkling altar of Nemelex Xobeh.
  2256 | D:3      | HP: 2/52 [orc priest/divine providence (13)]
  2257 | D:3      | Killed from afar by an orc priest

Skill      XL: |  1  2  3  4  5  6 |
---------------+-------------------+-----
Shields        | 3 4 |  4.1
Armour         | 3 |  3.8
Long Blades    | 2 3 |  3.0
Dodging        | 1 2 |  2.8
Fighting       | 4 |  4.2

Action                   |  1- 3 |  4- 6 || total
-------------------------+-------+-------++-------
Melee: Long sword        |   132 |   260 ||   392
  Eat: Chunk             |    12 |    14 ||    26
Armor: Scale mail        |    82 |   113 ||   195
Dodge: Dodged            |    49 |    66 ||   115
Block: Shield            |    80 |   122 ||   202
